 Dungeon Crawl Stone Soup version 0.26-a0-651-gb41185065b (webtiles) character file.

Game seed: 5215402294706450879

(classic levelgen) 488 EnegeticOcto the Cleaver (level 6, -12/55 HPs)
             Began as a Deep Dwarf Delver on Oct 23, 2020.
             Killed by divine providence
             ... invoked by an orc priest
              (13 damage)
             ... on level 6 of the Dungeon.
             The game lasted 00:01:30 (298 turns).

EnegeticOcto the Cleaver (Deep Dwarf Delver)         Turns: 298, Time: 00:01:31

Health: -12/55     AC:  8    Str: 15    XL:     6   Next: 90%
Magic:  4/4        EV:  7    Int: 13    God:
Gold:   23         SH:  0    Dex: 12    Spells: 5/5 levels left

rFire    + + +     SeeInvis .   h - +1 trident "Beuso" {holy, rPois rF+++ Dex-2} (curse)
rCold    . . .     Faith    .   (no shield)
rNeg     . . .     Spirit   .   i - +0 chain mail
rPois    +         Reflect  .   (no helmet)
rElec    .         Harm     .   (no cloak)
rCorr    .         Rampage  .   (no gloves)
MR       .....                  (no boots)
Stlth    ..........             (no amulet)
HPRegen  0.00/turn              k - ring of attention (curse)
MPRegen  0.09/turn              (no ring)

@: non-regenerating
A: damage resistance, heal wounds, sense surroundings 1, no regeneration
a: Heal Wounds


You were on level 6 of the Dungeon.
You visited 1 branch of the dungeon, and saw 4 of its levels.

You collected 23 gold pieces.

Inventory:

Hand Weapons
 a - a +0 hand axe
 h - the cursed +1 trident "Beuso" (weapon) {holy, rPois rF+++ Dex-2}
   (You found it on level 5 of the Dungeon)

   It has been blessed by the Shining One to cause great damage to the undead
   and demons.
   It affects your dexterity (-2).
   It renders you almost immune to fire.
   It protects you from poison.
   It has a curse placed upon it.
Armour
 b - a +0 leather armour
 i - a +0 chain mail (worn)
Jewellery
 k - a cursed ring of attention (left hand)
Wands
 g - a wand of digging (3) {@v3}
Scrolls
 c - a scroll of fog
 d - 2 scrolls of magic mapping {@r5}
 e - a scroll of fear
Potions
 f - a potion of haste {@q4}
 l - a potion of curing {@q1}
 m - a potion of stabbing


   Skills:
 - Level 2.6 Fighting
 + Level 8.3 Axes
 - Level 2.1 Dodging
 - Level 6.0 Stealth


You had 5 spell levels left.
You didn't know any spells.
Your spell library was empty.

Dungeon Overview and Level Annotations

Branches:
Dungeon (7/15)
 Temple: D:4-7

Altars:


Innate Abilities, Weirdness & Mutations

You are resistant to damage.
You can heal yourself by infusing magical energy.
You passively map a small area around you.
You do not regenerate.


Message History

You closely miss the orc.
The orc enters a dispersal trap!
The orc blinks! x3
You blink.
The orc blinks!
An orc comes into view.
It is wielding a +0 flail and quivering 9 poisoned darts.
You hit the orc.
The orc is moderately wounded.
The orc throws a poisoned dart.
The poisoned dart hits you! The orc hits you but does no damage.
The orc throws a poisoned dart.
The poisoned dart barely misses you.
You hit the orc.
The orc is heavily wounded.
The orc barely misses you.
You closely miss the orc.
The orc is heavily wounded.
The orc barely misses you.
An orc comes into view.
The orc hits you but does no damage. The orc barely misses you.
You closely miss the orc.
The orc is heavily wounded.
The orc shouts!
You hear a shout!
The orc hits you but does no damage.
Your chain mail prevents you from hitting the orc.
The orc is heavily wounded.
The orc hits you but does no damage. The orc barely misses you.
You puncture the orc!
You kill the orc!
The orc hits you with a +0 flail. The orc barely misses you.
You puncture the orc!
You kill the orc!
The orc barely misses you.
You hit the orc.
The orc is lightly wounded.
The orc hits you but does no damage.
An orc wizard comes into view. It is wielding a +0 dagger.
The orc hits you with a +0 short sword.
You hit the orc.
The orc is heavily wounded.
The orc hits you with a +0 flail. The orc barely misses you.
You hit the orc.
You kill the orc!
The orc hits you but does no damage. The orc barely misses you.
You puncture the orc!
You kill the orc!
The orc hits you with a +0 short sword.
Your chain mail prevents you from hitting the orc.
The orc barely misses you.
You puncture the orc!
You kill the orc!
You reach to attack!
You barely miss the orc wizard.
An orc priest comes into view.
The orc priest shouts!
You hit the orc wizard.
The orc wizard is lightly wounded.
You hear an angry hiss.
The orc wizard casts a spell at you. The magic dart hits you.
You are too injured to fight recklessly!
You are too injured to fight recklessly!
You are too injured to fight recklessly!
You are too injured to fight recklessly!
You closely miss the orc wizard.
The orc wizard is lightly wounded.
The orc wizard hits you but does no damage.
You hit the orc wizard but do no damage.
The orc wizard is lightly wounded.
The orc wizard hits you but does no damage.
The orc priest invokes the aid of Beogh against you.
You resist with significant effort.
You hit the orc wizard but do no damage.
The orc wizard is lightly wounded.
The orc wizard hits you but does no damage.
You barely miss the orc wizard.
The orc wizard is lightly wounded.
The orc wizard hits you but does no damage.
You barely miss the orc wizard.
The orc wizard is lightly wounded.
The orc wizard hits you but does no damage.
You hit the orc wizard but do no damage.
The orc wizard is lightly wounded.
The orc wizard hits you but does no damage.
The orc priest invokes the aid of Beogh against you.
Beogh smites you!
* * * LOW HITPOINT WARNING * * *
You hit the orc wizard but do no damage.
The orc wizard is lightly wounded.
The orc wizard casts a spell at you. The magic dart hits you.
The orc priest hits you but does no damage.
You closely miss the orc wizard.
The orc wizard is lightly wounded.
The orc wizard casts a spell at you. The magic dart hits you!
* * * LOW HITPOINT WARNING * * *
The orc priest mumbles some strange prayers to Beogh against you.
You resist with significant effort.
You puncture the orc wizard!
The orc wizard is severely wounded.
The orc wizard hits you but does no damage.
The orc priest invokes the aid of Beogh against you.
Beogh smites you!
You die...

* #. .. .###○°.. ..
#.#.#*#.#..##..☼. ..#
#...###..#.##○○..
..##*###....##.#.##○°°. ,
, ...##....#.##....#####
##................###.
..#.................###.
......oo...#.........###
.......@(..#.)..........
,,.....^..)..##.#####.#.##
, ...........##†# #...#
............[.# ###..,
#...........### #...
...#.........# ###. *
*...#..........# #. ..
............,* #.
..........##. * ##.


You could see an orc priest and an orc wizard.

Vanquished Creatures
  Sigmund (D:6)
  3 ice beasts (D:6)
  An orc wizard (D:6)
  An adder (D:6)
  An adder zombie (D:6)
  A leopard gecko (D:6)
  11 orcs (D:6)
19 creatures vanquished.

Vanquished Creatures (others)
  A withered plant (D:6)
1 creature vanquished.

Grand Total: 20 creatures vanquished

Notes
Turn   | Place    | Note
-------+----------+-------------------------------------------
     0 | D:5      | EnegeticOcto the Deep Dwarf Delver began the quest for the
                  | Orb.
     0 | D:5      | Reached XP level 1. HP: 20/20 MP: 1/1
     7 | D:5      | Got a glimmering trident
     7 | D:5      | Identified the cursed +1 trident "Beuso" {holy, rPois rF+++
                  | Dex-2} (You found it on level 5 of the Dungeon)
    57 | D:6      | Noticed an orc wizard
    86 | D:6      | HP: 1/20 [something/puff of frost (6)]
   108 | D:6      | Killed an orc wizard
   108 | D:6      | Reached skill level 4 in Axes
   108 | D:6      | Reached XP level 2. HP: 18/27 MP: 2/2
   108 | D:6      | Reached XP level 3. HP: 23/33 MP: 3/3
   118 | D:6      | Found a transporter.
   133 | D:6      | Found a transporter.
   133 | D:6      | Noticed an ice beast
   155 | D:6      | Killed an ice beast
   155 | D:6      | Reached skill level 5 in Axes
   155 | D:6      | Reached XP level 4. HP: 40/40 MP: 3/3
   156 | D:6      | Noticed an ice beast
   156 | D:6      | Noticed an ice beast
   176 | D:6      | Killed an ice beast
   176 | D:6      | Reached skill level 6 in Axes
   176 | D:6      | Reached XP level 5. HP: 39/46 MP: 4/4
   205 | D:6      | Killed an ice beast
   205 | D:6      | Reached skill level 7 in Axes
   205 | D:6      | Reached XP level 6. HP: 48/55 MP: 5/5
   232 | D:6      | Noticed Sigmund
   267 | D:6      | Killed Sigmund
   267 | D:6      | Reached skill level 8 in Axes
   297 | D:6      | HP: 1/55 [orc wizard/magic dart (7)]
   298 | D:6      | Killed from afar by an orc priest

Illustrated notes

Levels and vault maps discovered:
D:4:      layout_loops_ring, lemuel_flame_loot_1
D:5:      layout_basic, fiery_altar_vehumet, minmay_temple_entry_nine_rooms,
          uniq_edmund, uniq_grinder, uniq_menkaure
D:6:      gammafunk_cloud_chamber, layout_rooms, kiku_gazebo_garden_becter,
          uniq_sigmund
D:7:      layout_cave_pools, fedhas_altar_decomposition

Skill      XL: |  1  2  3  4  5  6 |
---------------+-------------------+-----
Axes           | 4 5 6 7 8 |  8.3
Fighting       | |  2.6
Dodging        | |  2.1
Stealth        | |  6.0

Action                   |  1- 3 |  4- 6 || total
-------------------------+-------+-------++-------
Melee: Trident           |    66 |    95 ||   161
 Abil: Heal Wounds       |     4 |     5 ||     9
  Use: Scroll            |     1 |     2 ||     3
       Potion            |     1 |       ||     1
Armor: Chain mail        |    51 |    53 ||   104
Dodge: Dodged            |    12 |    36 ||    48

Table legend: (Time is in decaauts)
 A = Elapsed time spent in this place.
 B = Non-inter-level travel time spent in this place.
 C = Inter-level travel time spent in this place.
 D = Time resting spent in this place.
 E = Time spent auto-exploring this place.
 F = Levels seen in this place.
 G = Mean time per level.
                   A        B        C        D        E       F      G
               +--------+--------+--------+--------+--------+-----+--------+
         Total |    325 |    316 |      9 |      0 |      0 |   4 |   81.2 |
       Dungeon |    325 |    316 |      9 |      0 |      0 |   4 |   81.2 |
               +--------+--------+--------+--------+--------+-----+--------+

Top non-repeatable levels by time:
     D:6: 275 daAuts
     D:5: 40 daAuts
     D:7: 7 daAuts
     D:4: 1 daAuts
